 Dungeon Crawl Stone Soup version 0.30-a0-4-ga7cffc901d (webtiles) character file.

Game seed: 737579335593627120

259 SensoryNuts the Chopper (level 6, 0/37 HPs)
             Began as a Gargoyle Gladiator on Aug 21, 2022.
             Killed from afar by an oklob plant (9 damage)
             ... with a splash of acid
             ... on level 3 of the Dungeon.
             The game lasted 00:03:00 (2407 turns).

SensoryNuts the Chopper (Gargoyle Gladiator)        Turns: 2407, Time: 00:03:01

Health: 0/37       AC:  8    Str: 19    XL:     6   Next: 17%
Magic:  6/6        EV: 12    Int:  9    God:
Gold:   104        SH:  0    Dex: 11    Spells: 5/5 levels left

rFire   . . .      SeeInvis .    a - +0 war axe (vorpal)
rCold   . . .      Faith    .    (no shield)
rNeg    + . .      Spirit   .    b - +0 leather armour
rPois   ∞          Reflect  .    c - +0 helmet
rElec   +          Harm     .    (no cloak)
rCorr   .          Rampage  .    (no gloves)
Will    .....                    (no boots)
Stlth   +.........               (no amulet)
HPRegen 0.12/turn                (no ring)
MPRegen 0.10/turn                (no ring)

@: mighty, unable to drink
A: sickness immunity, AC +4, negative energy resistance 1, electricity
resistance, torment resistance 1, petrification resistance, inability to drink
after injury 1
a: no special abilities


You were on level 3 of the Dungeon.
You visited 1 branch of the dungeon, and saw 3 of its levels.

You collected 104 gold pieces.

Inventory:

Hand Weapons
 a - a +0 vorpal war axe (weapon)
Missiles
 d - 3 throwing nets (quivered)
 e - a javelin
Armour
 b - a +0 leather armour (worn)
 c - a +0 helmet (worn)
Wands
 i - a wand of iceblast (14)
 k - a wand of flame (33)
Scrolls
 f - 2 scrolls of poison {unknown}
 g - a scroll of fear {unknown}
 h - a scroll of noise {unknown}
 j - a scroll of identify
 l - a scroll of enchant weapon {unknown}
 m - a scroll of magic mapping
 o - a scroll of teleportation
Potions
 n - a potion of might


   Skills:
 + Level 3.3 Fighting
 + Level 4.8 Axes
 + Level 1.8 Throwing
 + Level 1.6 Armour
 + Level 3.2 Dodging
 + Level 0.2 Stealth


You had 5 spell levels left.
You didn't know any spells.
Your spell library contained the following spells:

 Spells                   Type           Power      Damage    Failure   Level
 Fireball                 Conj/Fire      0%         3d3       100%        5
 Starburst                Conj/Fire      0%         6d3       100%        6
 Ignition                 Fire           0%         3d3       100%        8


Dungeon Overview and Level Annotations

Branches:
Dungeon (3/15)

Altars:
Fedhas
Vehumet

Annotations:
D:2 1 runed translucent door, Crazy Yiuf, Natasha, Robin, Terence
D:3 exclusion: oklob plant


Innate Abilities, Weirdness & Mutations

You are immune to sickness and miasma.
Your stone body is resilient. (AC +4)
You are immune to poison.
You resist negative energy. (rN+)
You are resistant to electric shocks. (rElec)
You are resistant to unholy torment.
You are immune to petrification.
You occasionally lose the ability to drink potions when taking damage.


Message History

The plant is lightly damaged.
You hit the plant. You hit the plant but do no damage. You slash the plant!
A nearby plant withers and dies. x2
You hit the plant.
The plant is lightly damaged.
You completely miss the plant.
A nearby plant withers and dies. x2
Really walk into a travel-excluded area? [Y]es or [N]o only, please.
Really walk into a travel-excluded area? [Y]es or [N]o only, please.
Really walk into a travel-excluded area? [Y]es or [N]o only, please.
Really walk into a travel-excluded area? [Y]es or [N]o only, please.
Really walk into a travel-excluded area? [Y]es or [N]o only, please.
Really walk into a travel-excluded area?
The oklob plant spits acid at you. The splash of acid hits you.
You slash the plant!
The plant begins to die.
The plant is lightly damaged.
You hit the plant.
The plant begins to die.
You hit the oklob plant. You slash the oklob plant!
The oklob plant is moderately damaged.
You hit the plant. You hit the plant but do no damage.
The oklob plant spits acid at you. The splash of acid hits you!!
Ouch! That really hurt!
* * * LOW HITPOINT WARNING * * *
It was a potion of might.
You feel very mighty all of a sudden.
A nearby plant withers and dies. x2
You slice the oklob plant!!
The oklob plant is severely damaged.
You hit the oklob plant but do no damage.
The oklob plant is severely damaged.
The oklob plant spits acid at you. The splash of acid hits you!
You feel threatened and lose the ability to drink potions!
You die... #.# # #.# #.# #.# #.# ################### #PPP##.PPP.P.PP#PPP #.#P.PPPPPPP.P#P.PP #.@....PPPP#PPPPPP#

##..#PPPP..P##PP#PP
##.P...P.......PPPP
#PPP..#..≈~.~~..##.
#PP.....~≈~.~~~...P
#PP#P..~≈≈~.~≈≈≈...
#.P#..~~≈~~.~≈≈~~..
##PPP.~≈≈≈...~≈≈~.#
#PP#.≈≈≈~._.~≈≈~.P


You could see an oklob plant.

Vanquished Creatures
  Sigmund (D:2)
  Ijyb (D:3)
  An adder (D:3)
  A dart slug (D:1)
  8 endoplasms
  4 giant cockroaches
  9 goblins
  7 hobgoblins
  2 quokkas
  7 ball pythons
  5 bats
  A frilled lizard (D:3)
  5 kobolds
  7 rats
59 creatures vanquished.

Vanquished Creatures (others)
  2 fungi (D:3)
  6 plants (D:3)
8 creatures vanquished.

Grand Total: 67 creatures vanquished

Notes
Turn   | Place    | Note
-------+----------+-------------------------------------------
     0 | D:1      | SensoryNuts the Gargoyle Gladiator began the quest for the
                  | Orb.
     0 | D:1      | Reached XP level 1. HP: 12/12 MP: 1/1
   198 | D:1      | Reached skill level 3 in Axes
   198 | D:1      | Reached XP level 2. HP: 17/17 MP: 2/2
   324 | D:1      | You fall into a shaft and drop 1 floor!
   341 | D:2      | Found a runed translucent door.
   342 | D:2      | Noticed Crazy Yiuf
   487 | D:2      | Reached XP level 3. HP: 16/22 MP: 3/3
   620 | D:2      | Noticed Robin
   626 | D:2      | Gained mutation: You occasionally lose the ability to drink
                  | potions when taking damage. [potion of mutation]
   627 | D:2      | Noticed Terence
  1332 | D:2      | Noticed Sigmund
  1348 | D:2      | Killed Sigmund
  1349 | D:2      | Reached skill level 4 in Axes
  1349 | D:2      | Reached skill level 1 in Armour
  1349 | D:2      | Reached XP level 4. HP: 18/28 MP: 4/4
  1349 | D:2      | Reached XP level 5. HP: 21/32 MP: 5/5
  1436 | D:2      | Noticed Natasha
  1459 | D:3      | HP: 1/32 [bat (1)]
  1464 | D:3      | HP: 1/32 [bat (1)]
  1466 | D:3      | Found a blossoming altar of Fedhas.
  1779 | D:3      | Noticed an oklob plant
  1937 | D:3      | Found a radiant altar of Vehumet.
  1944 | D:3      | Reached XP level 6. HP: 32/37 MP: 6/6
  2182 | D:3      | Noticed Ijyb
  2194 | D:3      | Killed Ijyb
  2407 | D:3      | Killed from afar by an oklob plant

Illustrated notes

Levels and vault maps discovered:
D:1:      sevenhm_arrival_forest_fort_large_1, layout_rooms, st_stairs_5
D:2:      layout_basic, uniq_sigmund, uniq_natasha, uniq_crazy_yiuf_cottage,
          uniq_terence, uniq_robin
D:3:      layout_rooms, vehumet_altar_wand_db, tgw_fedhas, uniq_ijyb

Skill      XL: |  1  2  3 |
---------------+----------+-----
Axes           | 3 4 |  4.8
Fighting       | 3 |  3.3
Armour         | 1 |  1.6
Dodging        | 3 |  3.2
Throwing       | |  1.8
Stealth        | |  0.2

Action                   |  1- 3 |  4- 6 || total
-------------------------+-------+-------++-------
Melee: War axe           |    89 |    52 ||   141
       Unarmed           |       |     5 ||     5
  Use: Potion            |     3 |     1 ||     4
       Scroll            |       |     7 ||     7
Armor: Leather armour    |    46 |    13 ||    59
Dodge: Dodged            |    71 |    58 ||   129

Table legend: (Time is in decaauts)
 A = Elapsed time spent in this place.
 B = Non-inter-level travel time spent in this place.
 C = Inter-level travel time spent in this place.
 D = Time resting spent in this place.
 E = Time spent auto-exploring this place.
 F = Levels seen in this place.
 G = Mean time per level.
                   A        B        C        D        E       F      G
               +--------+--------+--------+--------+--------+-----+--------+
         Total |   2462 |   2400 |     62 |    225 |   1781 |   3 |  820.7 |
       Dungeon |   2462 |   2400 |     62 |    225 |   1781 |   3 |  820.7 |
               +--------+--------+--------+--------+--------+-----+--------+

Top non-repeatable levels by time:
     D:1: 1044 daAuts
     D:3: 966 daAuts
     D:2: 451 daAuts
